SL
NEW AMSTERDAM DUTCHMEN @ PHILADELPHIA 1776 BC
07/30/2031
 
TOP OF THE 1ST
New Amsterdam Dutchmen batting - Pitching for Philadelphia 1776 BC : LHP Masami Kogawa
Pitching: LHP Masami Kogawa
Batting: RHB Jon Osterman 0-0: Ball
1-0: Ball
2-0: Foul Ball, location: 2F
2-1: Ball
3-1: Foul Ball, location: 2F
3-2: Base on Balls
Batting: RHB Otis Brewer 0-0: Ball
Jon Osterman is caught stealing 2nd base
1-0: Swinging Strike
1-1: Called Strike
1-2: SINGLE (Line Drive, 7S)
Batting: LHB SaQwan Hackett 0-0: Foul Ball, location: 2F
0-1: Called Strike
0-2: Ball
1-2: Fly out, F8 (Flyball, 78M)
Batting: RHB Menno van de Vlugt 0-0: Ground out 6-3 (Groundball, 6S)
Top of the 1st over - 0 runs, 1 hit, 0 errors, 1 left on base; New Amsterdam 0 - Philadelphia 1776 0
BOTTOM OF THE 1ST
Philadelphia 1776 BC batting - Pitching for New Amsterdam Dutchmen : LHP Walt Coffman
Pitching: LHP Walt Coffman
Batting: LHB Manoo Satyavrat 0-0: Ground out U3 (Groundball, 34)
Batting: RHB Karl Blanke 0-0: Ground out 4-3 (Groundball, 4MS)
Batting: RHB Phil Moore 0-0: Foul Ball, location: 2F
0-1: Ball
1-1: Fly out, F8 (Flyball, 8LM)
Bottom of the 1st over - 0 runs, 0 hits, 0 errors, 0 left on base; New Amsterdam 0 - Philadelphia 1776 0
TOP OF THE 2ND
New Amsterdam Dutchmen batting - Pitching for Philadelphia 1776 BC : LHP Masami Kogawa
Batting: RHB Mario Rivera 0-0: Called Strike
0-1: Ground out U3 (Groundball, 34)
Batting: RHB David Pérez 0-0: Swinging Strike
0-1: Ball
1-1: Swinging Strike
1-2: DOUBLE (Line Drive, 9LM)
Batting: LHB Jorge Vargas 0-0: Ball
1-0: Ball
2-0: Foul Ball, location: 2F
2-1: Ball
3-1: Ground out 5-3 (Groundball, 56)
Batting: RHB David Elías 0-0: Ball
1-0: Ball
2-0: Called Strike
2-1: Foul Ball, location: 2F
2-2: Foul Ball, location: 2F
2-2: Ball
3-2: Foul Ball, location: 2F
3-2: Foul Ball, location: 2F
3-2: Base on Balls
Batting: LHB Cornelius Taitt 0-0: Ball
1-0: Ball
2-0: Swinging Strike
2-1: Swinging Strike
2-2: Strikes out swinging
Top of the 2nd over - 0 runs, 1 hit, 0 errors, 2 left on base; New Amsterdam 0 - Philadelphia 1776 0
BOTTOM OF THE 2ND
Philadelphia 1776 BC batting - Pitching for New Amsterdam Dutchmen : LHP Walt Coffman
Batting: RHB Fernando Rivera 0-0: Swinging Strike
0-1: Ball
1-1: Ball
2-1: Ball
3-1: Foul Ball, location: 2F
3-2: Strikes out swinging
Batting: RHB Kent Summey 0-0: Called Strike
0-1: Foul Ball, location: 2F
0-2: Strikes out swinging
Batting: RHB John Schnatter 0-0: Ball
1-0: Ball
2-0: Foul Ball, location: 2F
2-1: Hit by Pitch
Batting: SHB Sam Quint 0-0: Foul Ball, location: 2F
0-1: Ball
1-1: Ball
2-1: Swinging Strike
2-2: Foul Ball, location: 2F
2-2: Strikes out swinging
Bottom of the 2nd over - 0 runs, 0 hits, 0 errors, 1 left on base; New Amsterdam 0 - Philadelphia 1776 0
TOP OF THE 3RD
New Amsterdam Dutchmen batting - Pitching for Philadelphia 1776 BC : LHP Masami Kogawa
Batting: RHB Jon Osterman 0-0: Ball
1-0: Called Strike
1-1: Swinging Strike
1-2: Strikes out looking
Batting: RHB Otis Brewer 0-0: Ball
1-0: Ball
2-0: Ball
3-0: Called Strike
3-1: Called Strike
3-2: Base on Balls
Batting: LHB SaQwan Hackett 0-0: Swinging Strike
0-1: Foul Ball, location: 2F
0-2: Ball
1-2: Foul Ball, location: 2F
1-2: Foul Ball, location: 2F
1-2: Strikes out swinging
Otis Brewer steals 2nd base
Batter strikes out.
Batting: RHB Menno van de Vlugt 0-0: Swinging Strike
0-1: Foul Ball, location: 2F
0-2: Foul Ball, location: 2F
0-2: Strikes out swinging
Top of the 3rd over - 0 runs, 0 hits, 0 errors, 1 left on base; New Amsterdam 0 - Philadelphia 1776 0
BOTTOM OF THE 3RD
Philadelphia 1776 BC batting - Pitching for New Amsterdam Dutchmen : LHP Walt Coffman
Batting: RHB António Granados 0-0: Ball
1-0: Bunt missed!
1-1: Called Strike
1-2: Ball
2-2: Fly out, F8 (Flyball, 78M)
Batting: LHB Tony Vega 0-0: Ball
1-0: Ball
2-0: Foul Ball, location: 2F
2-1: Swinging Strike
2-2: Strikes out swinging
Batting: LHB Manoo Satyavrat 0-0: Called Strike
0-1: Fly out, F9 (Flyball, 89M)
Bottom of the 3rd over - 0 runs, 0 hits, 0 errors, 0 left on base; New Amsterdam 0 - Philadelphia 1776 0
TOP OF THE 4TH
New Amsterdam Dutchmen batting - Pitching for Philadelphia 1776 BC : LHP Masami Kogawa
Batting: RHB Mario Rivera 0-0: Ball
1-0: Fly out, F4 (Line Drive, 4)
Batting: RHB David Pérez 0-0: Ball
1-0: Foul Ball, location: 2F
1-1: Foul Ball, location: 2F
1-2: Foul Ball, location: 2F
1-2: Ball
2-2: Ball
3-2: Fly out, F4 (Popup, 4)
Batting: LHB Jorge Vargas 0-0: Called Strike
0-1: Fly out, F7 (Flyball, 7D)
Top of the 4th over - 0 runs, 0 hits, 0 errors, 0 left on base; New Amsterdam 0 - Philadelphia 1776 0
BOTTOM OF THE 4TH
Philadelphia 1776 BC batting - Pitching for New Amsterdam Dutchmen : LHP Walt Coffman
Batting: RHB Karl Blanke 0-0: Ball
1-0: Fly out, F9 (Flyball, 9D)
Batting: RHB Phil Moore 0-0: Ball
1-0: DOUBLE (Line Drive, 78D)
Batting: RHB Fernando Rivera 0-0: Ball
1-0: Ball
2-0: Ball
3-0: Base on Balls
Batting: RHB Kent Summey 0-0: Called Strike
0-1: Ball
1-1: Swinging Strike
1-2: Ball
2-2: Strikes out swinging
Batting: RHB John Schnatter 0-0: Called Strike
0-1: Ground out U3 (Groundball, 34)
Bottom of the 4th over - 0 runs, 1 hit, 0 errors, 2 left on base; New Amsterdam 0 - Philadelphia 1776 0
TOP OF THE 5TH
New Amsterdam Dutchmen batting - Pitching for Philadelphia 1776 BC : LHP Masami Kogawa
Batting: RHB David Elías 0-0: SOLO HOME RUN (Flyball, 78XD), Distance : 437 ft
Batting: LHB Cornelius Taitt 0-0: Called Strike
0-1: Foul Ball, location: 2F
0-2: Foul Ball, location: 2F
0-2: Ball
1-2: Foul Ball, location: 2F
1-2: Ball
2-2: Fly out, F5 (Popup, 5F)
Batting: RHB Jon Osterman 0-0: Ball
1-0: TRIPLE (Groundball, 3L)
Pinch Runner at 3rd Arthur Ryan:
Batting: RHB Otis Brewer 0-0: Called Strike
0-1: Ball
1-1: Fly out, F9 (Line Drive, 9)
Batting: LHB SaQwan Hackett 0-0: Foul Ball, location: 2F
0-1: Ground out 1-3 (Groundball, 13S)
Top of the 5th over - 1 run, 2 hits, 0 errors, 1 left on base; New Amsterdam 1 - Philadelphia 1776 0
BOTTOM OF THE 5TH
Philadelphia 1776 BC batting - Pitching for New Amsterdam Dutchmen : LHP Walt Coffman
Now in CF: Arthur Ryan
Batting: SHB Sam Quint 0-0: Called Strike
0-1: SINGLE (Groundball, 56) (infield hit)
Batting: RHB António Granados 0-0: Called Strike
0-1: Called Strike
0-2: Ball
1-2: Foul Ball, location: 2F
1-2: Ball
2-2: Foul Ball, location: 2F
2-2: Ground out 4-3 (Groundball, 34)
Sam Quint to second
Batting: LHB Tony Vega 0-0: Called Strike
0-1: Swinging Strike
0-2: Ball
1-2: Strikes out swinging
Batting: LHB Manoo Satyavrat 0-0: Called Strike
0-1: Called Strike
0-2: Ball
1-2: Strikes out swinging
Bottom of the 5th over - 0 runs, 1 hit, 0 errors, 1 left on base; New Amsterdam 1 - Philadelphia 1776 0
TOP OF THE 6TH
New Amsterdam Dutchmen batting - Pitching for Philadelphia 1776 BC : LHP Masami Kogawa
Batting: RHB Menno van de Vlugt 0-0: Ball
1-0: SINGLE (Line Drive, 8LS)
Batting: RHB Mario Rivera 0-0: Ball
1-0: Swinging Strike
1-1: Ball
2-1: Called Strike
2-2: Strikes out swinging
Batting: RHB David Pérez 0-0: Called Strike
0-1: Called Strike
0-2: Foul Ball, location: 2F
0-2: 2-RUN HOME RUN (Flyball, 9LD), Distance : 337 ft
Batting: LHB Jorge Vargas 0-0: Ball
1-0: Called Strike
1-1: Fly out, F9 (Line Drive, 9)
Batting: RHB David Elías 0-0: Ball
1-0: Foul Ball, location: 2F
1-1: Called Strike
1-2: Ground out 5-3 (Groundball, 5)
Top of the 6th over - 2 runs, 2 hits, 0 errors, 0 left on base; New Amsterdam 3 - Philadelphia 1776 0
BOTTOM OF THE 6TH
Philadelphia 1776 BC batting - Pitching for New Amsterdam Dutchmen : LHP Walt Coffman
Batting: RHB Karl Blanke 0-0: Foul Ball, location: 2F
0-1: Swinging Strike
0-2: Ball
1-2: Foul Ball, location: 2F
1-2: Strikes out swinging
Batting: RHB Phil Moore 0-0: Ball
1-0: Called Strike
1-1: Ground out 4-3 (Groundball, 4)
Batting: RHB Fernando Rivera 0-0: Ball
1-0: Ball
2-0: Called Strike
2-1: Swinging Strike
2-2: Ball
3-2: Strikes out swinging
Bottom of the 6th over - 0 runs, 0 hits, 0 errors, 0 left on base; New Amsterdam 3 - Philadelphia 1776 0
TOP OF THE 7TH
New Amsterdam Dutchmen batting - Pitching for Philadelphia 1776 BC : LHP Masami Kogawa
Batting: LHB Cornelius Taitt 0-0: Called Strike
0-1: Called Strike
0-2: Strikes out looking
Batting: LHB Arthur Ryan 0-0: Ball
1-0: SINGLE (Groundball, 6MD)
Batting: RHB Otis Brewer 0-0: Ball
1-0: Fly out, F7 (Flyball, 78XD)
Pitching: LHP Pedro Garza
Batting: LHB SaQwan Hackett 0-0: Ball
Arthur Ryan steals 2nd base
1-0: Called Strike
1-1: Ball
2-1: Fly out, F3 (Line Drive, 4)
Top of the 7th over - 0 runs, 1 hit, 0 errors, 1 left on base; New Amsterdam 3 - Philadelphia 1776 0
BOTTOM OF THE 7TH
Philadelphia 1776 BC batting - Pitching for New Amsterdam Dutchmen : LHP Walt Coffman
Batting: RHB Kent Summey 0-0: Called Strike
0-1: DOUBLE (Flyball, 7LD)
Batting: RHB John Schnatter 0-0: Foul Ball, location: 2F
0-1: Swinging Strike
0-2: Ball
1-2: Strikes out looking
Batting: SHB Sam Quint 0-0: Swinging Strike
0-1: Foul Ball, location: 2F
0-2: Strikes out looking
Batting: RHB António Granados 0-0: Ball
1-0: Fly out, F9 (Flyball, 89M)
Bottom of the 7th over - 0 runs, 1 hit, 0 errors, 1 left on base; New Amsterdam 3 - Philadelphia 1776 0
TOP OF THE 8TH
New Amsterdam Dutchmen batting - Pitching for Philadelphia 1776 BC : LHP Pedro Garza
Batting: RHB Menno van de Vlugt 0-0: Called Strike
0-1: Foul Ball, location: 2F
0-2: Hit by Pitch
Batting: RHB Mario Rivera 0-0: Swinging Strike
0-1: SINGLE (Groundball, 6MD)
Menno van de Vlugt to second
Batting: RHB David Pérez 0-0: Bunted foul
0-1: Bunted foul
0-2: Foul Ball, location: 2F
0-2: Grounds into double play, 4-6-3 (Groundball, 4)
Menno van de Vlugt to third
Batting: LHB Jorge Vargas 0-0: Ball
1-0: Foul Ball, location: 2F
1-1: Swinging Strike
1-2: SINGLE (Groundball, 34D)
Menno van de Vlugt scores
Batting: RHB David Elías 0-0: Called Strike
0-1: Ball
1-1: Ball
2-1: Ball
3-1: SINGLE (Line Drive, 6MD)
Jorge Vargas to second
Batting: LHB Cornelius Taitt 0-0: Ball
1-0: Fly out, F3 (Line Drive, 3L)
Top of the 8th over - 1 run, 3 hits, 0 errors, 2 left on base; New Amsterdam 4 - Philadelphia 1776 0
BOTTOM OF THE 8TH
Philadelphia 1776 BC batting - Pitching for New Amsterdam Dutchmen : LHP Walt Coffman
Batting: LHB Tony Vega 0-0: Ball
1-0: Swinging Strike
1-1: Ball
2-1: Swinging Strike
2-2: Ball
3-2: Ground out 6-3 (Groundball, 56)
Batting: LHB Manoo Satyavrat 0-0: Swinging Strike
0-1: Called Strike
0-2: Strikes out swinging
Batting: RHB Karl Blanke 0-0: Ball
1-0: SINGLE (Line Drive, 9S)
Batting: RHB Phil Moore 0-0: Ball
1-0: Called Strike
1-1: Swinging Strike
1-2: Foul Ball, location: 2F
1-2: Foul Ball, location: 2F
1-2: Ball
2-2: Fly out, F7 (Flyball, 78S)
Bottom of the 8th over - 0 runs, 1 hit, 0 errors, 1 left on base; New Amsterdam 4 - Philadelphia 1776 0
TOP OF THE 9TH
New Amsterdam Dutchmen batting - Pitching for Philadelphia 1776 BC : LHP Pedro Garza
Batting: LHB Arthur Ryan 0-0: Ball
1-0: Swinging Strike
1-1: Called Strike
1-2: Foul Ball, location: 2F
1-2: Ball
2-2: Strikes out looking
Batting: RHB Otis Brewer 0-0: Ball
1-0: Foul Ball, location: 2F
1-1: Ball
2-1: Fly out, F6 (Line Drive, 6M)
Batting: LHB SaQwan Hackett 0-0: SINGLE (Flyball, 8LS)
Batting: RHB Menno van de Vlugt 0-0: Ball
1-0: DOUBLE (Line Drive, 89D)
SaQwan Hackett to third
Runner from 3rd tries for Home, SAFE, no throw
Batting: RHB Mario Rivera 0-0: Foul Ball, location: 2F
0-1: Called Strike
0-2: Ball
1-2: Fly out, F8 (Flyball, 8RM)
Top of the 9th over - 1 run, 2 hits, 0 errors, 1 left on base; New Amsterdam 5 - Philadelphia 1776 0
BOTTOM OF THE 9TH
Philadelphia 1776 BC batting - Pitching for New Amsterdam Dutchmen : LHP Walt Coffman
Batting: RHB Fernando Rivera 0-0: Ball
1-0: Swinging Strike
1-1: Ground out 6-3 (Groundball, 6)
Batting: RHB Kent Summey 0-0: Foul Ball, location: 2F
0-1: Ball
1-1: Ball
2-1: Called Strike
2-2: Foul Ball, location: 2F
2-2: Foul Ball, location: 2F
2-2: Strikes out swinging
Batting: RHB John Schnatter 0-0: Ball
1-0: Fly out, F4 (Line Drive, 4M)
Bottom of the 9th over - 0 runs, 0 hits, 0 errors, 0 left on base; New Amsterdam 5 - Philadelphia 1776 0
Tuesday, June 12th, 2018 - OOTP Baseball 18.8 Build 76